 Dungeon Crawl Stone Soup version 0.31-a0-609-g7bf6ffcfed (webtiles) character file.

Game seed: 3796959200900116329

27102 cforsyth the Prestidigitator (level 13, 0/89 HPs)
             Began as a Gnoll Artificer on Aug 21, 2023.
             Was a High Priest of Hepliaklqana.
             Slain by a skyshark (5 damage)
             ... on level 5 of the Lair of Beasts.
             The game lasted 00:35:08 (14001 turns).

cforsyth the Prestidigitator (Gnoll Artificer)     Turns: 14001, Time: 00:35:09

Health: 0/89       AC: 29    Str: 12    XL:     13   Next: 30%
Magic:  25/25      EV:  7    Int: 22    God:    Hepliaklqana [*****.]
Gold:   1019       SH: 10    Dex: 12    Spells: 22/28 levels left

rFire   + . .        s - +1 flail (protect)
rCold   . . .        W - +0 kite shield
rNeg    . . .        I - +8 chain mail of Entitlement {Will+ Int+6}
rPois   .            D - +1 helmet
rElec   .            j - +2 cloak
rCorr   .            J - +1 pair of gloves
SInv    .            x - +0 pair of boots
Will    +....        o - amulet of regeneration
Stlth   +            f - ring of wizardry
HPRegen 1.14/turn    y - ring of protection from fire
MPRegen 0.19/turn

%: wizardry (x1)
@: no status effects
A: reduced essence, fangs 1, strong nose, distributed training
a: Renounce Religion, Recall Ancestor, Ancestor Identity, Transference, Idealise


You were on level 5 of the Lair of Beasts.
You worshipped Hepliaklqana.
Hepliaklqana was extremely pleased with you.
You visited 2 branches of the dungeon, and saw 16 of its levels.
You also visited: Ossuary and Volcano.

You collected 1019 gold pieces.

Inventory:

Hand Weapons
 h - a +2 hand crossbow of flaming
 q - a +0 hand axe of freezing
 s - a +1 flail of protection (weapon)
Missiles
 F - 3 throwing nets
Armour
 j - a +2 cloak (worn)
 u - a +3 leather armour of fire resistance
 x - a +0 pair of boots (worn)
 D - a +1 helmet (worn)
 I - the +8 chain mail of Entitlement (worn) {Will+ Int+6}
   (You found it on level 8 of the Dungeon)

   Int+6:     It affects your intelligence (+6).
   Will+:     It increases your willpower.
 J - a +1 pair of gloves (worn)
 W - a +0 kite shield (worn)
Magical Staves
 l - a staff of poison
Jewellery
 f - a ring of wizardry (left hand)
 i - an amulet of magic regeneration
 o - an amulet of regeneration (around neck)
 y - a ring of protection from fire (right hand)
 T - a +4 ring of protection
Wands
 c - a wand of flame (2) (quivered)
 d - a wand of charming (3)
 e - a wand of iceblast (13)
 L - a wand of mindburst (11)
 P - a wand of paralysis (4)
 U - a wand of polymorph (4)
 V - a wand of digging (5)
Scrolls
 b - 2 scrolls of enchant armour
 m - 3 scrolls of blinking
 v - 8 scrolls of teleportation
 B - 4 scrolls of noise {unknown}
 C - 2 scrolls of vulnerability
 E - a scroll of silence {unknown}
 H - 4 scrolls of immolation
 K - a scroll of revelation
 M - 3 scrolls of enchant weapon {unknown}
 N - a scroll of fog {unknown}
 O - a scroll of amnesia {unknown}
 Q - a scroll of poison
 X - a scroll of fear {unknown}
Potions
 a - 4 potions of enlightenment
 g - 7 potions of heal wounds
 k - 3 potions of magic
 n - 6 potions of haste
 p - 3 potions of brilliance
 r - 3 potions of attraction
 t - 8 potions of curing
 w - a potion of ambrosia {unknown}
 z - 2 potions of resistance
 A - 3 potions of lignification
 G - 4 potions of invisibility
 S - 2 potions of cancellation


   Skills:
 + Level 8.7 Fighting
 + Level 8.3 Short Blades
 + Level 8.3 Long Blades
 + Level 8.3 Axes
 + Level 8.3 Maces & Flails
 + Level 8.3 Polearms
 + Level 8.3 Staves
 + Level 8.3 Ranged Weapons
 + Level 8.3 Throwing
 + Level 9.5 Armour
 + Level 8.7 Dodging
 + Level 8.7 Stealth
 + Level 8.3 Shields
 + Level 8.3 Unarmed Combat
 + Level 8.3 Spellcasting
 + Level 6.9 Conjurations
 + Level 6.9 Hexes
 + Level 6.9 Summonings
 + Level 6.9 Necromancy
 + Level 6.9 Translocations
 + Level 6.9 Transmutations
 + Level 6.9 Fire Magic
 + Level 6.9 Ice Magic
 + Level 6.9 Air Magic
 + Level 6.9 Earth Magic
 + Level 6.9 Poison Magic
 + Level 9.1 Invocations
 + Level 10.6 Evocations
 + Level 6.9 Shapeshifting


You had 22 spell levels left.
You knew the following spells:

 Your Spells              Type           Power      Damage    Failure   Level
a - Frozen Ramparts       Ice            78%        1d12      21%         3
b - Hailstorm             Conj/Ice       39%        3d9       21%         3

Your spell library contained the following spells:

 Spells                   Type           Power      Damage    Failure   Level
 Foxfire                  Conj/Fire      100%       2x1d9     7%          1
 Freeze                   Ice            100%       1d10      7%          1
 Necrotise                Necr           100%       1d9       7%          1
 Slow                     Hex            100%       N/A       7%          1
 Ensorcelled Hibernation  Hex/Ice        78%        N/A       11%         2
 Passwall                 Tmut/Erth      32%        N/A       11%         2
 Confusing Touch          Hex            39%        N/A       21%         3
 Ozocubu's Armour         Ice            39%        N/A       21%         3
 Swiftness                Air            39%        N/A       21%         3
 Vampiric Draining        Necr           39%        2d8       21%         3
 Agony                    Necr           39%        N/A       86%         5
 Plasma Beam              Fire/Air       19%        2x1d31    100%        6
 Starburst                Conj/Fire      19%        6d7       100%        6
 Ozocubu's Refrigeration  Ice            19%        4d11      100%        7


Dungeon Overview and Level Annotations

Branches:
Dungeon (12/15)            Temple (0/1) D:4            Lair (3/5) D:9
  Swamp (0/4) Lair:2       Spider (0/4) Lair:3          Orc (0/2) D:9
Ossuary (visited)         Volcano (visited)

Altars:
Ashenzari
Elyvilon
Hepliaklqana
Kikubaaqudgha
Makhleb
Nemelex Xobeh
Okawaru
Qazlal
Ru
Trog
Vehumet
Yredelemnul
The Shining One

Shops:
D:12 :

Annotations:
D:5 2 runed translucent doors, wormstring's ghost, amateur BaHu


Innate Abilities, Weirdness & Mutations

Your life essence is reduced to manifest your ancestor. (-10% HP)
You have very sharp teeth.
Your uncanny sense of smell can sniff out nearby items.
Your experience applies equally to all skills.


Message History

The skyshark barely misses you. You block the skyshark's attack.
The skyshark bites you but does no damage.
The skyshark tail-slaps you but does no damage. x2
Aiming: Charm
Press: ? - help, Shift-Dir - straight line, f - elephant
Aim: an elephant (lightly wounded, chance to affect: 37%)
The elephant resists with some effort.
The skyshark bites you but does no damage.
You block the skyshark's attack. x2; The elephant tramples you!
* * * LOW HITPOINT WARNING * * *
You stumble backwards!
A yak comes into view.
The yak moves out of view.
Aiming: Charm
Press: ? - help, Shift-Dir - straight line, f/p - elephant
Aim: an elephant (lightly wounded, chance to affect: 37%)
The elephant resists with some effort.
A nearby fungus withers and dies.
The skyshark bites you.
* * * LOW HITPOINT WARNING * * *
The skyshark barely misses you.
The skyshark tail-slaps you but does no damage.
A komodo dragon comes into view.
The elephant tramples you!
* * * LOW HITPOINT WARNING * * *
You hold your ground!
The elephant closely misses you.
The komodo dragon hisses angrily.
The skyshark bites you.
* * * LOW HITPOINT WARNING * * *
You block the skyshark's attack. x2
The skyshark attacks as it pursues you! The skyshark barely misses you.
You block the skyshark's attack. The skyshark tail-slaps you!
* * * LOW HITPOINT WARNING * * *
The blink frog blinks!
The elephant attacks as it pursues you! The elephant tramples you.
* * * LOW HITPOINT WARNING * * *
You hold your ground!
You block the elephant's attack.
An electric eel comes into view.
A yak comes into view.
The skyshark bites you but does no damage.
The skyshark tail-slaps you.
You die...

~~~SPP~~~~#..##
PP~.....P~~...P.
................Y
.....).........P...
..P............P...
...............P...
.......F........P..
...........@.......
......?P..Yl.......
...(..........#.....
........<..ยง........
#...P.P.........l...
...?PP.......P...P.#
.....P.P...P.........
...................##
.....##...........##


You could see a skyshark (berserk), an elephant, a yak (wandering), a blink frog
and an electric eel (wandering).

Vanquished Creatures
  2 hydras (Lair:2)
  A centaur warrior (Volcano)
  A boulder beetle (D:12)
  2 cyclopes (D:12)
  A black mamba (Lair:5)
  A cane toad (Lair:2)
  A gargoyle (Volcano)
  3 yaktaurs (Volcano)
  2 tyrant leeches (Lair:2)
  8 blink frogs
  A shadow (D:10)
  3 wyverns
  A water elemental (D:12)
  2 wraiths
  9 yaks
  A steam dragon (D:5)
  A swamp worm (Lair:2)
  7 water moccasins
  Duvessa (D:6)
  3 sky beasts
  An ice beast (D:8)
  A black bear (D:5)
  3 orc warriors
  9 centaurs
  3 kobold brigands
  5 bullfrogs
  2 gnoll sergeants
  2 scorpions
  2 killer bees
  2 electric eels (D:12)
  A vampire bat (D:3)
  2 lava snakes (Volcano)
  4 hounds
  2 jellies
  8 orc priests
  2 gnoll boudas
  A sleepcap (D:4)
  12 orc wizards
  Natasha (thrice) (D:4)
  8 mummies (Ossuary)
  16 gnolls
  5 adders
  A white imp (D:6)
  3 fire bats (D:3)
  43 orcs
  2 spectral bats (D:3)
  4 ball pythons
  3 bat skeletons (D:3)
  A bat zombie (D:3)
  5 endoplasms
  3 giant cockroaches
  7 goblins
  3 hobgoblins (D:1)
  7 jackals (D:2)
  3 quokkas
  18 bats
  A bat simulacrum (D:3)
  4 frilled lizards
  A gnoll zombie (Ossuary)
  A hobgoblin zombie (Ossuary)
  20 kobolds
  2 kobold zombies (Ossuary)
  4 orc zombies (Ossuary)
  5 rats
286 creatures vanquished.

Vanquished Creatures (collateral kills)
  A red draconian (Volcano)
  Erolcha (D:12)
  A boulder beetle (D:11)
  2 death yaks (Lair:1)
  A black mamba (Lair:1)
  4 cane toads
  3 komodo dragons
  Psyche (D:11)
  A rime drake (Lair:2)
  A komodo dragon (shapeshifter) (D:11)
  An unseen horror (D:12)
  A troll (D:12)
  A tyrant leech (Lair:2)
  Prince Ribbit (D:9)
  3 blink frogs
  A shadow (D:11)
  3 wraiths
  3 wyverns
  4 water elementals (D:12)
  5 fire bats (Volcano)
  14 yaks
  A vampire (D:11)
  A basilisk (D:9)
  2 water moccasins (Lair:1)
  An orc warrior (D:9)
  4 centaurs
  A kobold brigand (D:9)
  A bullfrog (Lair:1)
  Dowan (D:6)
  2 killer bees (D:11)
  2 electric eels
  2 lava snakes (Volcano)
  An orc priest (D:8)
  2 orc wizards
  A statue (D:10)
  3 gnolls (D:10)
  7 orcs
  3 kobolds
88 creatures vanquished.

Vanquished Creatures (others)
  2 wyverns (D:9)
  An orc priest (D:9)
  5 ancestors (D:9)
  5 battlemagi
  An adder (D:2)
  A jackal (D:3)
15 creatures vanquished.

Grand Total: 389 creatures vanquished

Notes
Turn   | Place    | Note
-------+----------+-------------------------------------------
     0 | D:1      | cforsyth the Gnoll Artificer began the quest for the Orb.
     0 | D:1      | Reached XP level 1. HP: 17/17 MP: 1/1
   154 | D:1      | Reached XP level 2. HP: 3/23 MP: 2/2
   154 | D:1      | HP: 1/23 [hobgoblin (2)]
   736 | D:1      | Reached XP level 3. HP: 21/28 MP: 3/3
  1055 | D:2      | Reached skill level 1 in Invocations
  1261 | D:2      | Reached skill level 1 in Short Blades
  1261 | D:2      | Reached skill level 1 in Long Blades
  1261 | D:2      | Reached skill level 1 in Axes
  1261 | D:2      | Reached skill level 1 in Maces & Flails
  1261 | D:2      | Reached skill level 1 in Polearms
  1261 | D:2      | Reached skill level 1 in Staves
  1261 | D:2      | Reached skill level 1 in Ranged Weapons
  1261 | D:2      | Reached skill level 1 in Throwing
  1261 | D:2      | Reached skill level 1 in Shields
  1261 | D:2      | Reached skill level 1 in Unarmed Combat
  1261 | D:2      | Reached skill level 1 in Spellcasting
  1434 | D:2      | Reached XP level 4. HP: 34/34 MP: 5/5
  2175 | D:3      | Reached skill level 1 in Conjurations
  2175 | D:3      | Reached skill level 1 in Hexes
  2175 | D:3      | Reached skill level 1 in Summonings
  2175 | D:3      | Reached skill level 1 in Necromancy
  2175 | D:3      | Reached skill level 1 in Translocations
  2175 | D:3      | Reached skill level 1 in Transmutations
  2175 | D:3      | Reached skill level 1 in Fire Magic
  2175 | D:3      | Reached skill level 1 in Ice Magic
  2175 | D:3      | Reached skill level 1 in Air Magic
  2175 | D:3      | Reached skill level 1 in Earth Magic
  2175 | D:3      | Reached skill level 1 in Poison Magic
  2175 | D:3      | Reached skill level 1 in Shapeshifting
  2219 | D:2      | Reached XP level 5. HP: 36/40 MP: 6/6
  2314 | D:3      | Found a broken altar of Ashenzari.
  2691 | D:3      | Learned a level 3 spell: Frozen Ramparts
  2953 | D:3      | Reached XP level 6. HP: 47/47 MP: 8/8
  3022 | D:3      | Reached skill level 5 in Armour
  3190 | D:4      | Noticed Natasha
  3196 | D:4      | Killed Natasha
  3218 | D:4      | Found a sand-covered staircase.
  3230 | Ossuary  | Entered an ossuary
  3262 | Ossuary  | Reached XP level 7. HP: 48/52 MP: 10/10
  3269 | Ossuary  | Reached skill level 7 in Evocations
  3512 | D:4      | Noticed Natasha
  3521 | D:4      | Killed Natasha
  3706 | D:4      | Found a staircase to the Ecumenical Temple.
  3721 | D:4      | Noticed Natasha
  3732 | D:4      | Killed Natasha
  3995 | D:4      | Found an ancient bone altar of Kikubaaqudgha.
  4063 | D:5      | Entered Level 5 of the Dungeon
  4073 | D:5      | Found a large runed translucent door.
  4073 | D:5      | Found a large runed translucent door.
  4083 | D:5      | Reached XP level 8. HP: 55/60 MP: 12/12
  4263 | D:5      | Learned a level 3 spell: Hailstorm
  4597 | D:5      | Noticed wormstring's ghost (amateur BaHu)
  4746 | D:6      | Found a stormy altar of Qazlal.
  4907 | D:6      | Noticed Duvessa
  4907 | D:6      | Noticed Dowan
  4914 | D:6      | Killed Dowan
  4921 | D:6      | Killed Duvessa
  5019 | D:6      | Reached XP level 9. HP: 66/66 MP: 14/14
  5199 | D:6      | Found a sparkling altar of Nemelex Xobeh.
  5235 | D:6      | Found a glowing golden altar of the Shining One.
  5236 | D:6      | Found an iron altar of Okawaru.
  5238 | D:6      | Found a bloodstained altar of Trog.
  5238 | D:6      | Found a basalt altar of Yredelemnul.
  5350 | D:6      | Found a white marble altar of Elyvilon.
  5350 | D:6      | Found a hazy altar of Hepliaklqana.
  5394 | D:6      | Found a sacrificial altar of Ru.
  5512 | D:6      | Became a worshipper of Hepliaklqana the Forgotten
  5923 | D:7      | Reached skill level 5 in Fighting
  5923 | D:7      | Reached skill level 5 in Dodging
  6258 | D:8      | Identified the +8 chain mail of Entitlement {Will+ Int+6}
  6459 | D:8      | Reached skill level 5 in Stealth
  6515 | D:8      | Reached * piety under Hepliaklqana
  6523 | D:8      | Reached skill level 8 in Evocations
  6820 | D:8      | Reached skill level 5 in Invocations
  7326 | D:9      | Reached XP level 10. HP: 63/66 MP: 17/17
  7488 | D:9      | Noticed Prince Ribbit
  7507 | D:9      | Killed Prince Ribbit
  7508 | D:9      | Reached skill level 5 in Short Blades
  7508 | D:9      | Reached skill level 5 in Long Blades
  7508 | D:9      | Reached skill level 5 in Axes
  7508 | D:9      | Reached skill level 5 in Maces & Flails
  7508 | D:9      | Reached skill level 5 in Polearms
  7508 | D:9      | Reached skill level 5 in Staves
  7508 | D:9      | Reached skill level 5 in Ranged Weapons
  7508 | D:9      | Reached skill level 5 in Throwing
  7508 | D:9      | Reached skill level 5 in Shields
  7508 | D:9      | Reached skill level 5 in Unarmed Combat
  7508 | D:9      | Reached skill level 5 in Spellcasting
  7873 | D:9      | Found a staircase to the Lair.
  7902 | D:9      | Found a staircase to the Orcish Mines.
  8534 | D:10     | Entered Level 10 of the Dungeon
  8612 | D:10     | Reached ** piety under Hepliaklqana
  8613 | D:10     | Remembered your ancestor Beli-Ashared as a battlemage
  8869 | D:10     | Found a burning altar of Makhleb.
  8871 | D:10     | Noticed a green death
  9032 | D:10     | Found a radiant altar of Vehumet.
  9221 | D:11     | Reached XP level 11. HP: 67/74 MP: 19/19
  9274 | D:11     | Reached skill level 9 in Evocations
  9366 | D:11     | Reached skill level 5 in Conjurations
  9366 | D:11     | Reached skill level 5 in Hexes
  9366 | D:11     | Reached skill level 5 in Summonings
  9366 | D:11     | Reached skill level 5 in Necromancy
  9366 | D:11     | Reached skill level 5 in Translocations
  9366 | D:11     | Reached skill level 5 in Transmutations
  9366 | D:11     | Reached skill level 5 in Fire Magic
  9366 | D:11     | Reached skill level 5 in Ice Magic
  9366 | D:11     | Reached skill level 5 in Air Magic
  9366 | D:11     | Reached skill level 5 in Earth Magic
  9366 | D:11     | Reached skill level 5 in Poison Magic
  9366 | D:11     | Reached skill level 5 in Shapeshifting
  9368 | D:11     | Noticed a boulder beetle
  9389 | D:11     | Killed a boulder beetle
  9722 | D:11     | Reached *** piety under Hepliaklqana
  9865 | D:11     | Noticed Psyche
  9871 | D:11     | Killed Psyche
 10108 | D:12     | Noticed Erolcha
 10181 | D:12     | Killed Erolcha
 10201 | D:12     | Found Hobaseaf's Book Shop.
 10255 | D:12     | Noticed a boulder beetle
 10267 | D:12     | Killed a boulder beetle
 10606 | D:12     | Noticed a cyclops
 10620 | D:12     | Killed a cyclops
 10692 | D:12     | Noticed a cyclops
 10702 | D:12     | Killed a cyclops
 10797 | D:12     | Reached **** piety under Hepliaklqana
 10885 | D:12     | Reached XP level 12. HP: 73/81 MP: 18/22
 11533 | Lair:1   | Entered Level 1 of the Lair of Beasts
 11738 | Lair:1   | Found a hazy altar of Hepliaklqana.
 11753 | Lair:1   | Noticed a death yak
 11753 | Lair:1   | Noticed a death yak
 11753 | Lair:1   | Noticed a death yak
 11754 | Lair:1   | Noticed a death yak
 11754 | Lair:1   | Noticed a death yak
 11754 | Lair:1   | Noticed a death yak
 11836 | Lair:1   | Killed a death yak
 12208 | Lair:1   | Killed a death yak
 12458 | Lair:2   | Noticed a five-headed hydra
 12470 | Lair:2   | Killed a five-headed hydra
 12538 | Lair:2   | Reached skill level 10 in Evocations
 12608 | Lair:2   | Reached ***** piety under Hepliaklqana
 12789 | Lair:2   | Noticed a seven-headed hydra
 13035 | Lair:2   | Killed a seven-headed hydra
 13191 | Lair:2   | Found a staircase to the Swamp.
 13456 | Lair:3   | Found a dark tunnel.
 13467 | Volcano  | Entered a volcano
 13595 | Volcano  | Noticed a red draconian
 13622 | Volcano  | Found a burning altar of Makhleb.
 13622 | Volcano  | Noticed a centaur warrior
 13635 | Volcano  | Killed a centaur warrior
 13636 | Volcano  | Reached XP level 13. HP: 76/89 MP: 18/25
 13719 | Volcano  | Killed a red draconian
 13940 | Lair:3   | You fall into a shaft and drop 2 floors!
 13940 | Lair:5   | Entered Level 5 of the Lair of Beasts
 13983 | Lair:5   | Noticed a fire dragon
 14001 | Lair:5   | Slain by a skyshark

Illustrated notes

Levels and vault maps discovered:
D:1:      amcnicky_arrival_double_pillar, layout_loops_cross, serial_forest,
          infiniplex_forest_straight_4, infiniplex_forest_end_double,
          infiniplex_forest_end_2, infiniplex_forest_lined_corner,
          infiniplex_forest_end_3, infiniplex_forest_straight_2,
          infiniplex_forest_straight_2, minmay_domino_4
D:2:      layout_loops_ring, kennysheep_generic_room_11
D:3:      layout_rooms, lemuel_crystal_altar, grunt_decor_mini_mirrors,
          goddamned_bats
D:4:      layout_rooms, kennysheep_little_box, minmay_temple_entry_overgrown,
          enter_ossuary_2, hangedman_abyss_or_decor_stabs, uniq_natasha
D:5:      layout_cave_pools, ebering_ghost_disaster_area
D:6:      layout_cave_pools, nicolae_ru_sacrificial_ziggurat,
          overflow_temple_1_default, grunt_temple_overflow_open, uniq_duvessa
D:7:      layout_loops_ring
D:8:      layout_loops_cross, roderic_st_hans_cross, david_defended_altar_orc
D:9:      minmay_angry_zag, layout_loops_ring, minmay_lair_entry_grove,
          orc_0_dummy, uniq_prince_ribbit1
D:10:     layout_loops_ring, makhleb_altar_promises_db, vehumet_statue
D:11:     layout_grid_maze, uniq_psyche
D:12:     layout_gridville, serial_shops, shop, serial_bayou,
          serial_bayou_pond_e, serial_bayou_lagoon_a, serial_bayou_pond_a,
          serial_bayou_lagoon_b, serial_bayou_shore_b, uniq_erolcha
Lair:1:   layout_chaotic_city, basic_altar, serial_bayou_ford_a
Lair:2:   layout_regular_city, minmay_swamp_entry_worms, grunt_megastairs_2
Lair:3:   layout_gridlike, nicolae_spider_entry_orb_guardian, enter_volcano_1
Lair:5:   guppyfry_lair_end_dragon, layout_misc_corridors, serial_bayou_shore_a,
          grunt_megastairs_3

Skill      XL: |  1  2  3  4  5  6  7  8  9 10 11 12 13 |
---------------+----------------------------------------+-----
Invocations    | 1 2 3 4 5 6 7 8 9 |  9.1
Short Blades   | 1 2 3 4 5 7 8 |  8.3
Long Blades    | 1 2 3 4 5 7 8 |  8.3
Axes           | 1 2 3 4 5 7 8 |  8.3
Maces & Flails | 1 2 3 4 5 7 8 |  8.3
Polearms       | 1 2 3 4 5 7 8 |  8.3
Staves         | 1 2 3 4 5 7 8 |  8.3
Ranged Weapons | 1 2 3 4 5 7 8 |  8.3
Throwing       | 1 2 3 4 5 7 8 |  8.3
Shields        | 1 2 3 4 5 7 8 |  8.3
Unarmed Combat | 1 2 3 4 5 7 8 |  8.3
Spellcasting   | 1 2 3 4 5 7 8 |  8.3
Conjurations   | 1 2 3 4 5 6 |  6.9
Hexes          | 1 2 3 4 5 6 |  6.9
Summonings     | 1 2 3 4 5 6 |  6.9
Necromancy     | 1 2 3 4 5 6 |  6.9
Translocations | 1 2 3 4 5 6 |  6.9
Transmutations | 1 2 3 4 5 6 |  6.9
Fire Magic     | 1 2 3 4 5 6 |  6.9
Ice Magic      | 1 2 3 4 5 6 |  6.9
Air Magic      | 1 2 3 4 5 6 |  6.9
Earth Magic    | 1 2 3 4 5 6 |  6.9
Poison Magic   | 1 2 3 4 5 6 |  6.9
Shapeshifting  | 1 2 3 4 5 6 |  6.9
Fighting       | 3 4 5 6 7 8 |  8.7
Dodging        | 3 4 5 6 7 8 |  8.7
Stealth        | 3 4 5 6 7 8 |  8.7
Armour         | 5 6 7 8 9 |  9.5
Evocations     | 7 8 9 10 | 10.6

Action                     |  1- 3 |  4- 6 |  7- 9 | 10-12 | 13-15 || total
---------------------------+-------+-------+-------+-------+-------++-------
  Melee: Club              |    58 |       |       |       |       ||    58
         Bite              |    10 |    20 |    67 |    83 |    10 ||   190
         Staff             |    83 |    93 |       |       |       ||   176
         Flail             |       |   148 |   587 |   589 |    69 ||  1393
         Punch             |       |     4 |    13 |    19 |       ||    36
   Cast: Hailstorm         |       |       |     5 |    11 |     1 ||    17
         Frozen Ramparts   |       |       |     4 |    18 |     4 ||    26
 Invoke: Ancestor Life: Ba |       |       |       |     1 |       ||     1
         Recall Ancestor   |       |       |       |     2 |       ||     2
  Evoke: Wand              |     4 |     5 |    15 |    19 |     5 ||    48
    Use: Scroll            |       |     9 |     5 |    10 |     4 ||    28
   Stab: Sleeping          |     8 |     7 |     2 |       |       ||    17
         Distracted        |       |       |     1 |     5 |     1 ||     7
 Armour: Leather armour    |    76 |   249 |   265 |       |       ||   590
         Chain mail        |       |       |   278 |   635 |   102 ||  1015
  Dodge: Dodged            |   128 |   348 |   451 |   281 |    36 ||  1244
  Block: Kite shield       |       |       |       |   140 |    69 ||   209

Table legend: (Time is in decaauts)
 A = Elapsed time spent in this place.
 B = Non-inter-level travel time spent in this place.
 C = Inter-level travel time spent in this place.
 D = Time resting spent in this place.
 E = Time spent auto-exploring this place.
 F = Levels seen in this place.
 G = Mean time per level.
                   A        B        C        D        E       F      G
               +--------+--------+--------+--------+--------+-----+--------+
         Total |  14348 |  13766 |    582 |    962 |   8883 |  18 |  797.1 |
       Dungeon |  11571 |  11038 |    533 |    818 |   7218 |  12 |  964.2 |
          Lair |   2093 |   2045 |     48 |     65 |   1457 |   4 |  523.2 |
       Ossuary |    264 |    264 |      0 |      0 |    126 |   1 |  264.0 |
       Volcano |    419 |    419 |      0 |     79 |     82 |   1 |  419.0 |
               +--------+--------+--------+--------+--------+-----+--------+

Top non-repeatable levels by time:
     D:2: 1472 daAuts
     D:9: 1371 daAuts
    D:12: 1258 daAuts
    D:11: 1061 daAuts
     D:1: 1045 daAuts
     D:8: 1017 daAuts
  Lair:1: 991 daAuts
  Lair:2: 934 daAuts
     D:6: 888 daAuts
     D:3: 748 daAuts
    D:10: 691 daAuts
     D:5: 684 daAuts
     D:7: 671 daAuts
     D:4: 660 daAuts
 Volcano: 419 daAuts
